 Seeded DCSS version 0.29-a0-418-gc0181ea820 (webtiles) character file.

Game seed: 3455970914219774044 (custom seed)

263 bwicke the Stinger (level 6, -1/36 HPs)
             Began as an Octopode Venom Mage on May 18, 2022.
             Killed from afar by a white imp (5 damage)
             ... with a puff of frost
             ... on level 5 of the Dungeon.
             The game lasted 00:18:05 (4373 turns).

bwicke the Stinger (Octopode Venom Mage)            Turns: 4373, Time: 00:18:06

Health: -1/36      AC:  1    Str:  7    XL:     6   Next: 19%
Magic:  8/10       EV: 13    Int: 20    God:
Gold:   150        SH:  0    Dex: 12    Spells: 4/10 levels left

rFire   . . .      SeeInvis .   o - +0 long sword (elec)
rCold   . . .      Faith    .   (no shield)
rNeg    . . .      Spirit   .   (helmet restricted)
rPois   .          Reflect  .   (no amulet)
rElec   .          Harm     .   e - ring of wizardry
rCorr   .          Rampage  .   h - ring of wizardry
Will    .....                   (no ring)
Stlth   +++.......              (no ring)
HPRegen 0.12/turn               (no ring)
MPRegen 0.12/turn               (no ring)
                                (no ring)
                                (no ring)

@: no status effects
A: almost no armour, amphibious, 8 rings, camouflage 1, gelatinous body 1,
(nimble swimmer 1), tentacles
a: no special abilities


You were on level 5 of the Dungeon.
You visited 1 branch of the dungeon, and saw 6 of its levels.

You collected 150 gold pieces.

Inventory:

Hand Weapons
 c - a +0 spear
 d - a +0 dagger
 i - a +0 short sword
 k - a +0 whip
 o - a +0 long sword of electrocution (weapon)
 q - a +0 hunting sling of venom
 r - a +0 hand axe
Missiles
 b - 110 stones
Jewellery
 e - a ring of wizardry (left tentacle)
 h - a ring of wizardry (right tentacle)
Scrolls
 f - a scroll of poison
 j - a scroll of torment
 l - a scroll of brand weapon
 t - a scroll of enchant armour {unknown}
 u - a scroll of vulnerability {unknown}
 v - a scroll of blinking {unknown}
Potions
 a - 2 potions of magic
 g - a potion of mutation {unknown}
 n - a potion of heal wounds {unknown}
 p - a potion of might {unknown}
 s - a potion of cancellation {unknown}


   Skills:
 - Level 2.0 Dodging
 - Level 2.6 Stealth
 + Level 2.8 Spellcasting
 - Level 2.5 Transmutations
 - Level 7.0 Poison Magic


You had 4 spell levels left.
You knew the following spells:

 Your Spells              Type           Power      Damage    Failure   Level
a - Sting                 Tmut/Pois      84%        1d7       1%          1
b - Poisonous Vapours     Pois/Air       32%        N/A       1%          2
c - Ignite Poison         Fire/Tmut/Pois 15%        N/A       3%          3

Your spell library contained the following spells:

 Spells                   Type           Power      Damage    Failure   Level
 Beastly Appendage        Tmut           24%        N/A       1%          1
 Spider Form              Tmut/Pois      21%        N/A       1%          3
 Wereblood                Tmut           12%        N/A       2%          2
 Olgreb's Toxic Radiance  Pois           30%        N/A       2%          4
 Mephitic Cloud           Conj/Pois/Air  12%        N/A       4%          3
 Call Canine Familiar     Summ           2%         N/A       12%         3
 Conjure Flame            Conj/Fire      2%         6-21      12%         3
 Dazzling Flash           Conj/Hex       4%         N/A       12%         3
 Ozocubu's Armour         Ice            2%         N/A       12%         3
 Portal Projectile        Hex/Tloc       4%         N/A       12%         3
 Leda's Liquefaction      Hex/Erth       1%         N/A       34%         4
 Sticky Flame             Conj/Fire      2%         2d3       34%         4
 Agony                    Necr           2%         N/A       67%         5
 Silence                  Hex/Air        1%         N/A       67%         5
 Ozocubu's Refrigeration  Ice            1%         4d5       100%        7


Dungeon Overview and Level Annotations

Branches:
Dungeon (6/15)
 Temple: D:4-7

Altars:
Elyvilon

Shops:
D:3 =   D:4 [


Innate Abilities, Weirdness & Mutations

You cannot wear most types of armour.
You are amphibious.
You can wear up to eight rings at the same time.
Your skin changes colour to match your surroundings (Stealth+).
Your rubbery body absorbs attacks. (AC +1, EV +1)
((You are camouflaged when in or above water. (Stealth+)))
You have tentacles for arms and can constrict up to eight enemies at once.


Message History

Unknown command.
Casting: Ignite Poison (dangerous; 3% risk of failure)
Confirm with . or Enter, or press ? or * to list all spells.
Okay, then.
Unknown command.
You aren't carrying any items that you can evoke.
Unknown command.
Okay, then.
You are too injured to fight recklessly!
Fire: q) +0 hunting sling (venom)
Press: ? - help, Shift-Dir - straight line, f - white imp
Aim: a white imp (lightly wounded, 52% to hit)
Unknown command.
Fire: q) +0 hunting sling (venom)
Press: ? - help, Q - select action, (/) - cycle Shift-Dir - straight line, f - white imp
Aim: a white imp (lightly wounded, 52% to hit)
You shoot a sling bullet.
The sling bullet hits the white imp but does no damage.
The white imp is lightly wounded.
A necrophage comes into view.
The white imp attacks as you move away! The white imp barely misses you.
The white imp gestures at you. The puff of frost hits you!
* * * LOW HITPOINT WARNING * * *
You are too injured to fight recklessly!
You feel better. The white imp gestures at you. The puff of frost hits you!
* * * LOW HITPOINT WARNING * * *
Okay, then.
Okay, then.
As you read the scroll of brand weapon, it crumbles to dust.
Your +0 long sword crackles with electricity.
o - a +0 long sword of electrocution Your +0 hunting sling of venom stops dripping with poison.
You hear the crackle of electricity.
o - a +0 long sword of electrocution (weapon)
The white imp gestures at you. The puff of frost hits you.
You die...

#....# ..>..
#..n# +.†.+ .#
###...##..#
#.#.......#
#.........#
#5#### #.#@.#
#.5..# #<#.##
..............#
#####.#...##.##
#.......# # ...
.....#
##........# #.
.....#.


You could see a white imp.

Vanquished Creatures
  A scorpion (D:5)
  A hound (D:4)
  An orc priest (D:4)
  An orc wizard (D:4)
  A gnoll (D:1)
  An adder (D:2)
  2 ufetubi (D:4)
  2 worms (D:2)
  A dart slug (D:3)
  7 orcs
  3 bats
  8 endoplasms
  5 giant cockroaches
  2 goblins (D:1)
  5 hobgoblins
  4 jackals
  8 kobolds
  5 quokkas
  5 ball pythons
  6 rats
69 creatures vanquished.

Notes
Turn   | Place    | Note
-------+----------+-------------------------------------------
     0 | D:1      | bwicke the Octopode Venom Mage began the quest for the Orb.
     0 | D:1      | Reached XP level 1. HP: 11/11 MP: 3/3
   112 | D:1      | Reached skill level 4 in Poison Magic
   125 | D:1      | Reached XP level 2. HP: 11/17 MP: 1/5
   799 | D:1      | Learned a level 2 spell: Poisonous Vapours
   808 | D:1      | Reached skill level 5 in Poison Magic
   808 | D:1      | Reached XP level 3. HP: 11/21 MP: 2/6
  1645 | D:2      | Reached XP level 4. HP: 27/27 MP: 4/7
  1914 | D:2      | Learned a level 3 spell: Ignite Poison
  2404 | D:3      | You fall into a shaft and drop 3 floors!
  2413 | D:5      | Entered Level 5 of the Dungeon
  2477 | D:4      | Reached skill level 6 in Poison Magic
  2696 | D:4      | Reached XP level 5. HP: 12/31 MP: 3/8
  3130 | D:3      | Reached skill level 7 in Poison Magic
  3398 | D:3      | Found Pyreorgh's Jewellery Shoppe.
  3425 | D:3      | Found a white marble altar of Elyvilon.
  3990 | D:4      | Found Fasaa's Antique Armour Shoppe.
  4367 | D:5      | Reached XP level 6. HP: 13/36 MP: 8/10
  4373 | D:5      | Killed from afar by a white imp

Illustrated notes

Levels and vault maps discovered:
D:1:      dpeg_arrival_connections, layout_basic, kennysheep_small_spiral,
          interstate_on_off, minmay_misc_feat_four_crosses
D:2:      layout_basic
D:3:      layout_rooms, mainiacjoe_overflow_brackets, serial_rivers,
          chequers_serial_rivers_micro_c, chequers_serial_rivers_micro_c,
          chequers_serial_rivers_small_b, chequers_serial_rivers_micro_e,
          chequers_serial_rivers_room_a, serial_shops, shop_statue
D:4:      layout_basic, kennysheep_small_square
D:5:      wad_pebble_path, layout_basic, serial_curves, eino_curves_01,
          eino_curves_01, eino_curves_03, eino_curves_02
D:6:      layout_cave_pools, yredelemnul_forgotten_temple_becter,
          fedhas_altar_4, uniq_crazy_yiuf_cottage

Skill      XL: |  1  2  3  4  5 |
---------------+----------------+-----
Poison Magic   | 4 5 6 7 |  7.0
Transmutations | 2 |  2.5
Dodging        | |  2.0
Stealth        | |  2.6
Spellcasting   | |  2.8

Action                   |  1- 3 |  4- 6 || total
-------------------------+-------+-------++-------
Melee: Spear             |    56 |    25 ||    81
       Unarmed           |     4 |       ||     4
       Constrict         |    12 |     7 ||    19
       Tentacles         |     9 |     2 ||    11
 Fire: Hunting sling     |       |    64 ||    64
 Cast: Sting             |    27 |    14 ||    41
       Poisonous Vapours |     1 |     3 ||     4
       Ignite Poison     |       |     1 ||     1
  Use: Potion            |     1 |     5 ||     6
       Scroll            |       |     8 ||     8
 Stab: Sleeping          |     2 |       ||     2
Armor: Skin              |     3 |     1 ||     4
Dodge: Dodged            |    53 |    51 ||   104

Table legend: (Time is in decaauts)
 A = Elapsed time spent in this place.
 B = Non-inter-level travel time spent in this place.
 C = Inter-level travel time spent in this place.
 D = Time resting spent in this place.
 E = Time spent auto-exploring this place.
 F = Levels seen in this place.
 G = Mean time per level.
                   A        B        C        D        E       F      G
               +--------+--------+--------+--------+--------+-----+--------+
         Total |   4413 |   4286 |    127 |    529 |   2968 |   6 |  735.5 |
       Dungeon |   4413 |   4286 |    127 |    529 |   2968 |   6 |  735.5 |
               +--------+--------+--------+--------+--------+-----+--------+

Top non-repeatable levels by time:
     D:1: 1369 daAuts
     D:4: 1248 daAuts
     D:2: 1001 daAuts
     D:3: 546 daAuts
     D:5: 239 daAuts
     D:6: 8 daAuts
